 Dungeon Crawl Stone Soup version 0.19.1-1-g22dce08 (webtiles) character file.

282 ponk the Covered (level 6, -1/49 HPs)
             Began as a Formicid Fighter on Jan 11, 2017.
             Slain by a bullfrog (3 damage)
             ... on level 8 of the Dungeon.
             The game lasted 00:03:31 (1177 turns).

ponk the Covered (Formicid Fighter)                 Turns: 1177, Time: 00:03:32

Health: -1/49      AC:  7    Str: 20    XL:     6   Next: 53%
Magic:  6/6        EV:  8    Int:  8    God:
Gold:   44         SH: 10    Dex: 12    Spells: 0 memorised, 5 levels left

rFire  . . .     SeeInvis +     a - +0 trident
rCold  . . .     Gourm    .     b - +0 scale mail
rNeg   . . .     Faith    .     c - +0 shield
rPois  .         Spirit   .     (helmet unavailable)
rElec  .         Reflect  .     (no cloak)
rCorr  .         Harm     .     (no gloves)
MR     .....                    (no boots)
Stlth  ..........               (no amulet)
                                (no ring)
                                (no ring)

@: no status effects
A: permanent stasis, dig shafts and tunnels, four strong arms, antennae 3
a: Dig, Shaft Self


You were on level 8 of the Dungeon.
You were not hungry.

You visited 1 branch of the dungeon, and saw 5 of its levels.

You collected 44 gold pieces.

Inventory:

Hand Weapons
 a - a +0 trident (weapon)
Armour
 b - a +0 scale mail (worn)
 c - a +0 shield (worn)
Scrolls
 e - a scroll of blinking {unknown}
 g - a scroll of enchant armour {unknown}
 i - a scroll of fear {unknown}
 j - a scroll of identify {unknown}
 k - a scroll of magic mapping {unknown}
Potions
 d - a potion of might
Comestibles
 f - a bread ration


   Skills:
 + Level 4.5 Fighting
 + Level 3.5 Polearms
 + Level 5.0 Armour
 + Level 0.3 Dodging
 + Level 4.8 Shields


You had 5 spell levels left.
You didn't know any spells.

Dungeon Overview and Level Annotations

Branches:
Dungeon (1/15)

Altars:
Ashenzari

Shops:
D:8 :


Innate Abilities, Weirdness & Mutations

You are under a permanent stasis effect.
You can dig through walls and to a lower floor.
Your four strong arms can wield two-handed weapons with a shield.
You have a pair of large antennae on your head. (SInv)


Message History

You block the bullfrog's attack. The bullfrog hits you.
* * * LOW HITPOINT WARNING * * *
The bullfrog hits you but does no damage.
The bullfrog barely misses you.
You completely miss the bullfrog.
The bullfrog is lightly wounded.
The bullfrog closely misses you.
The bullfrog hits you but does no damage.
You closely miss the bullfrog.
The bullfrog is lightly wounded.
You block the bullfrog's attack. The bullfrog barely misses you.
You barely miss the bullfrog.
The bullfrog is lightly wounded.
The bullfrog hits you.
* * * LOW HITPOINT WARNING * * *
You hit the bullfrog.
The bullfrog is moderately wounded.
The bullfrog hits you.
You die...

#.#.....#.##.# #.#
#.#.....#.##.# #.#
#.#.....#.##.# #.#
#.#.....#.##.### #.#
#...###.#......# #.#
##..# #......#.# #.#
####..##########.###.#
#............#.......#
#......#####@#.#.#####
#......# #F#.#.#
#......## #.# #.#
#..F_...# #.# #.#
#.......# #.# #.#
#.......## #.# #.#
#....#...# #.# #.
♣♣♣♣##...# #.# ###
#...###.#


You could see a bullfrog.

Vanquished Creatures
  A black bear (D:8)
  A centaur (D:8)
  A bullfrog (D:8)
  An orc wizard (D:8)
  A hound zombie (D:8)
  2 orcs (D:8)
  2 kobolds (D:1)
9 creatures vanquished.

Notes
Turn   | Place    | Note
-------+----------+-------------------------------------------
     0 | D:1      | ponk the Formicid Fighter began the quest for the Orb.
     0 | D:1      | Reached XP level 1. HP: 18/18 MP: 1/1
    33 | D:1      | You fall through a shaft!
    36 | D:2      | You fall through a shaft for 2 floors!
    39 | D:4      | You fall through a shaft for 2 floors!
    39 | D:6      | Noticed a sky beast
    42 | D:6      | You fall through a shaft for 2 floors!
    64 | D:8      | Found a shattered altar of Ashenzari.
   220 | D:8      | Noticed a bullfrog
   229 | D:8      | Killed a bullfrog
   229 | D:8      | Reached skill level 4 in Armour
   229 | D:8      | Reached XP level 2. HP: 16/25 MP: 2/2
   229 | D:8      | Reached XP level 3. HP: 19/30 MP: 3/3
   229 | D:8      | Reached XP level 4. HP: 24/37 MP: 4/4
   396 | D:8      | Noticed a black bear
   415 | D:8      | Killed a black bear
   415 | D:8      | Reached XP level 5. HP: 9/43 MP: 5/5
   867 | D:8      | Found Riahi Yca's Book Shop.
  1020 | D:8      | Reached XP level 6. HP: 48/49 MP: 6/6
  1157 | D:8      | Reached skill level 5 in Armour
  1176 | D:8      | HP: 2/49 [bullfrog (2)]
  1177 | D:8      | Slain by a bullfrog

Skill      XL: |  1  2  3  4  5  6 |
---------------+-------------------+-----
Fighting       | 4 |  4.5
Armour         | 4 5 |  5.0
Shields        | 4 |  4.8
Polearms       | 3 |  3.5
Dodging        | |  0.3

Action                   |  1- 3 |  4- 6 || total
-------------------------+-------+-------++-------
Melee: Trident           |    15 |    56 ||    71
 Abil: Shaft Self        |     4 |       ||     4
       Dig               |       |     6 ||     6
  Use: Scroll            |     1 |       ||     1
  Eat: Chunk             |       |     2 ||     2
Armor: Scale mail        |     5 |    28 ||    33
Dodge: Dodged            |     5 |    32 ||    37
Block: Shield            |     9 |    36 ||    45
